Map: Catalyst LE

Players

TRIBILDA - Winner!

  • Race: Protoss Protoss
  • Spawn Location: 5:00

A.I. 1 (Very Easy)

  • Race: Zerg Zerg
  • Spawn Location: 11:00

VOD

Have the link to the VOD?

Description

Time

  • Played on: Jan. 29, 2018, 7:47 a.m.
  • Length: 8:09
Show
View Real Time Build Order
Export as new Build Order

TRIBILDA Protoss - Winner!

Build Orders: 1 Gate Expand, Oracle Opening, Phoenix Opening 

Get SALT Encoding   

  12  0:00  Probe  
  13  0:13  Probe  
  14  0:20  Pylon  
  14  0:25  Probe  
  15  0:38  Probe (Chrono Boost)  
  16  0:43  Gateway  
  17  0:50  Probe (Chrono Boost), Assimilator  
  17  0:55  Probe (Chrono Boost)  
  18  1:05  Probe  
  19  1:18  Probe  
  20  1:28  Nexus  
  20  1:37  Cybernetics Core  
  20  1:40  Probe  
  20  1:45  Assimilator  
  21  1:52  Probe  
  22  1:55  Pylon  
  22  2:04  Probe  
  23  2:11  Adept (Chrono Boost)  
  25  2:16  Probe  
  26  2:25  Stargate  
  26  2:28  Probe  
  27  2:30  Adept  
  29  2:38  Warp Gate  
  29  2:40  Probe (Chrono Boost)  
  31  2:46  Probe (Chrono Boost)  
  31  2:50  Probe (Chrono Boost)  
  32  2:54  Probe (Chrono Boost)  
  32  2:55  Probe (Chrono Boost)  
  34  3:00  Adept  
  34  3:05  Probe  
  37  3:06  Probe  
  37  3:08  Oracle (Chrono Boost)  
  41  3:17  Probe  
  41  3:18  Probe  
  43  3:28  Gateway  
  43  3:29  Probe, Gateway  
  43  3:31  Probe  
  45  3:36  Pylon  
  45  3:40  Pylon  
  46  3:52  Robotics Facility  
  46  3:54  Phoenix  
  47  4:07  Probe x2  
  47  4:09  Assimilator x2, Twilight Council  
  49  4:12  Pylon  
  49  4:19  Probe  
  49  4:21  Probe  
  51  4:31  Probe  
  51  4:33  Probe  
  53  4:39  Warp Prism (Chrono Boost)  
  53  4:43  Probe  
  53  4:45  Probe, Sentry x2  
  59  4:47  Adept  
  63  4:55  Probe  
  63  4:57  Probe  
  63  4:59  Resonating Glaives (Chrono Boost)  
  65  5:03  Nexus  
  65  5:04  Pylon  
  65  5:06  Immortal (Chrono Boost)  
  69  5:25  Gateway  
  69  5:27  Gateway  
  69  5:28  Gateway  
  69  5:30  Gateway  
  69  5:31  Gateway  
  69  5:36  Sentry x2  
  69  5:40  Immortal (Chrono Boost)  
  77  5:49  Pylon  
  77  5:50  Shield Battery  
  77  5:53  Pylon  
  77  5:55  Pylon  
  77  5:57  Pylon  
  77  6:08  Sentry  
  77  6:09  Sentry  
  77  6:10  Adept  
  83  6:27  Pylon  
  83  6:28  Observer, Pylon  
  84  6:35  Adept x3  
  84  6:36  Adept x4  
  84  6:37  Adept  
  100  6:47  Probe  
  100  6:48  Probe x2  
  103  7:04  Adept x7  
  103  7:05  Adept  
  119  7:25  Adept x4  
  119  7:26  Adept x3  
  133  7:31  Adept  
  135  7:47  Adept x3  
  141  7:54  Forge  
  141  7:55  Robotics Facility  
  141  7:57  Pylon  
  141  8:03  Templar Archives  
Show
View Real Time Build Order
Export as new Build Order

A.I. 1 (Very Easy) Zerg 

Build Orders: Pool First 

Get SALT Encoding   

  12  0:01  Drone  
  13  0:12  Overlord  
  13  0:17  Drone  
  14  0:36  Spawning Pool  
  14  0:37  Extractor  
  14  0:41  Drone  
  13  0:48  Drone  
  14  0:53  Overlord  
  14  1:23  Queen, Zergling x2  
  17  1:34  Roach Warren  
  17  1:36  Drone  
  17  1:40  Extractor  
  17  1:42  Zergling x2  
  17  1:45  Drone  
  18  1:58  Drone  
  18  2:00  Zergling x2  
  20  2:09  Drone  
  21  2:19  Drone  
  22  2:29  Drone  
  23  2:31  Overlord  
  23  2:36  Drone  
  24  2:43  Drone  
  25  5:45  Drone, Lair  
  26  5:52  Drone  
  27  5:59  Drone  
  28  6:06  Drone  
  28  6:08  Overlord  
  29  6:14  Drone  
  29  6:15  Zergling x2  
  28  6:21  Drone  
  30  6:40  Zergling x2  
  30  6:43  Overseer x2  
  30  6:44  Spire  
  30  6:45  Drone  
  30  7:05  Zergling x2  
  29  7:30  Zergling x2  
  29  7:32  Hatchery  
  29  7:33  Overlord  
  28  7:46  Overseer  
  28  7:49  Overlord  
Tags
 
Add a new tag
Caveats
  • Supply blocks, unpowered buildings, or Contaminate may cause inaccurate times.
  • Supply counts are checked every 10 seconds.